 Dungeon Crawl Stone Soup version 0.29-a0-330-g52719c12eb (webtiles) character file.

Game seed: 4785532081032452246

31 Argons the Chiller (level 3, -2/16 HPs)
             Began as a Vine Stalker Ice Elementalist on Apr 16, 2022.
             Slain by Robin
             ... wielding a +0 club
              (3 damage)
             ... on level 2 of the Dungeon.
             The game lasted 00:07:37 (1977 turns).

Argons the Chiller (Vine Stalker Ice Elementalist)  Turns: 1977, Time: 00:07:38

Health: -2/16      AC:  2    Str: 10    XL:     3   Next: 22%
Magic:  0/7        EV: 12    Int: 17    God:
Gold:   80         SH:  0    Dex: 14    Spells: 2/6 levels left

rFire   . . .      SeeInvis .   (no weapon)
rCold   . . .      Faith    .   (no shield)
rNeg    . . .      Spirit   +   a - +0 robe
rPois   .          Reflect  .   (no helmet)
rElec   .          Harm     .   (no cloak)
rCorr   .          Rampage  .   (no gloves)
Will    .....                   (no boots)
Stlth   ++........              (no amulet)
HPRegen 0.05/turn               (no ring)
MPRegen 0.10/turn               (no ring)

@: no status effects
A: fangs 2, magic shield, antimagic bite, no potion heal 2
a: no special abilities


You were on level 2 of the Dungeon.
You visited 1 branch of the dungeon, and saw 2 of its levels.

You collected 80 gold pieces.

Inventory:

Armour
 a - a +0 robe (worn)
Jewellery
 e - an amulet of the acrobat
Scrolls
 c - 2 scrolls of identify {unknown}
 j - a scroll of teleportation {unknown}
 k - a scroll of acquirement {unknown}
Potions
 b - 2 potions of magic
 d - 2 potions of might {unknown}
 f - 3 potions of lignification {unknown}
 g - a potion of brilliance {unknown}
 h - a potion of degeneration {unknown}
 i - a potion of berserk rage {unknown}


   Skills:
 - Level 1.5 Dodging
 - Level 3.0 Stealth
 - Level 2.1 Spellcasting
 + Level 4.8 Ice Magic


You had 2 spell levels left.
You knew the following spells:

 Your Spells              Type           Power      Damage    Failure   Level
a - Freeze                Ice            72%        1d9       2%          1
b - Frozen Ramparts       Ice            36%        1d5       8%          3

Your spell library contained the following spells:

 Spells                   Type           Power      Damage    Failure   Level
 Sublimation of Blood     Necr           1%         N/A       28%         2
 Wereblood                Tmut           1%         N/A       28%         2
 Ozocubu's Armour         Ice            18%        N/A       8%          3
 Hailstorm                Conj/Ice       10%        3d5       56%         4
 Summon Hydra             Summ           0%         N/A       100%        7


Dungeon Overview and Level Annotations

Branches:
Dungeon (2/15)

Altars:
The Shining One

Annotations:
D:2 Robin


Innate Abilities, Weirdness & Mutations

You have extremely sharp teeth.
When hurt, damage is shared between your health and your magic reserves.
Your bite disrupts and absorbs the magic of your enemies.
Potions cannot restore your health.


Message History

You kill the goblin!
Casting: Freeze (safe; 2% risk of failure)
Confirm with . or Enter, or press ? or * to list all spells.
Aiming: Freeze (safe; 2% risk of failure)
Press: ? - help, Shift-Dir - straight line, f - Robin
Aim: Robin, wielding a +0 club, wearing a +0 animal skin and wearing a +0 helmet You freeze Robin.
Robin is moderately wounded.
Robin hits you but does no damage.
Casting: Freeze (safe; 2% risk of failure)
Confirm with . or Enter, or press ? or * to list all spells.
Aiming: Freeze (safe; 2% risk of failure)
Press: ? - help, Shift-Dir - straight line, f/p - Robin
Aim: Robin, wielding a +0 club, wearing a +0 animal skin and wearing a +0 helmet (moderately wounded)
You freeze Robin!
Robin is almost dead.
Robin drinks a potion.
Robin is healed!
Robin attacks as you move away! Robin barely misses you.
Robin flexes a bicep menacingly.
Robin attacks as you move away! Robin closely misses you.
Your magical contamination has completely faded away.
Robin attacks as you move away! Robin hits you with a +0 club.
There is a stone staircase leading up here.
Robin attacks as you move away! Robin hits you with a +0 club.
You see here a +0 dagger.
Robin attacks as you move away! Robin hits you with a +0 club.
Casting: Freeze (safe; 2% risk of failure)
Confirm with . or Enter, or press ? or * to list all spells.
Aiming: Freeze (safe; 2% risk of failure)
Press: ? - help, Shift-Dir - straight line, f/p - Robin
Aim: Robin, wielding a +0 club, wearing a +0 animal skin and wearing a +0 helmet You freeze Robin.
Robin is lightly wounded.
Robin hits you with a +0 club. Robin attacks as you move away!
Robin hits you with a +0 club.
* * * LOW HITPOINT WARNING * * *
Robin attacks as you move away! Robin hits you with a +0 club.
* * * LOW HITPOINT WARNING * * *
Robin attacks as you move away! Robin hits you with a +0 club.
You die...

############### #####
######.............# ###...####
...................# #.'.......
...................#####.#...###.
........####....@g....##.#.......
####'#### #.########.##.#)####..
#.# #.#......#.##.#.#..#..
####'## #.#..###.#.##.#.#..#..
......# ###.#..###.#.##.#.#..##.
...)..# #......#...#.##.#.#..##.
......# #......#.###.##.#.#..##.
......####..........#.##.#.#.####
##........##.##.#.#.#.##.#<#.....


You could see Robin.

Vanquished Creatures
  4 ball pythons
  An endoplasm (D:2)
  5 giant cockroaches
  5 goblins
  2 hobgoblins (D:1)
  3 jackals (D:2)
  2 bats
  A frilled lizard (D:2)
  4 kobolds (D:1)
  A rat (D:2)
28 creatures vanquished.

Notes
Turn   | Place    | Note
-------+----------+-------------------------------------------
     0 | D:1      | Argons the Vine Stalker Ice Elementalist began the quest
                  | for the Orb.
     0 | D:1      | Reached XP level 1. HP: 9/9 MP: 4/4
   417 | D:1      | Reached XP level 2. HP: 12/13 MP: 1/6
  1381 | D:2      | Found a glowing golden altar of the Shining One.
  1545 | D:2      | Reached XP level 3. HP: 16/16 MP: 4/7
  1623 | D:2      | Learned a level 3 spell: Frozen Ramparts
  1853 | D:2      | Noticed Robin
  1977 | D:2      | Slain by Robin

Illustrated notes

Levels and vault maps discovered:
D:1:      psy_arrival_whirlpool, layout_loops_corners
D:2:      layout_basic, basic_altar, uniq_robin

Skill      XL: |  1 |
---------------+----+-----
Stealth        | 3 |  3.0
Dodging        | |  1.5
Spellcasting   | |  2.1
Ice Magic      | |  4.8

Action                   || total
-------------------------++-------
Melee: Unarmed           ||     4
       Bite              ||     2
 Cast: Freeze            ||    50
Armor: Robe              ||    15
Dodge: Dodged            ||    27

Table legend: (Time is in decaauts)
 A = Elapsed time spent in this place.
 B = Non-inter-level travel time spent in this place.
 C = Inter-level travel time spent in this place.
 D = Time resting spent in this place.
 E = Time spent auto-exploring this place.
 F = Levels seen in this place.
 G = Mean time per level.
                   A        B        C        D        E       F      G
               +--------+--------+--------+--------+--------+-----+--------+
         Total |   1977 |   1917 |     60 |    293 |    637 |   2 |  988.5 |
       Dungeon |   1977 |   1917 |     60 |    293 |    637 |   2 |  988.5 |
               +--------+--------+--------+--------+--------+-----+--------+

Top non-repeatable levels by time:
     D:1: 1163 daAuts
     D:2: 813 daAuts
